Unix NetHack Version 3.7.0-59 Work-in-progress - last build Jun 15 2022 22:00:42 (ba19de5de9b105df43ec81f7b8aaf5e01ff60ae8,branch:master). Game began 2022-06-19 03:27:44, ended 2022-06-19 03:44:29. cathartes, neutral female gnomish Archeologist ------ |..|..| ---.....-- --.......... |........... ---......... --......- |......-- --......--- ----.........-- --.|....----...| |....<--- |@f-- |....-- --... --..-- ---|.... |..^. --..|.. |.....|....h. -.......... -....... -...-- ---- Cathartes the Digger St:12 Dx:10 Co:11 In:18 Wi:16 Ch:9 Neutral Dlvl:3 $:20 HP:0(12) Pw:3(3) AC:8 Xp:1/10 T:1272 Latest messages: What do you want to use or apply? [ae-ik or ?*] a In what direction do you want to dig? [hykujb>] k You start digging. You hit the rock with all your might. You succeed in cutting away some rock. What do you want to use or apply? [ae-ik or ?*] a In what direction do you want to dig? [hykulb>] k You start digging. You hit the rock with all your might. You succeed in cutting away some rock. What do you want to use or apply? [ae-ik or ?*] a In what direction do you want to dig? [hykulnb>] k You start digging. You hit the rock with all your might. You succeed in cutting away some rock. You swap places with Satellite. You swap places with Satellite. You climb up the stairs. You stop. Satellite is in the way! You swap places with Satellite. The fox bites! You stop. Satellite is in the way! The fox bites! The fox just misses! You swap places with Satellite. Satellite bites it. Satellite eats a fox corpse. You descend the stairs. You swap places with the peaceful dwarf. Satellite bites the dwarf. The dwarf wields a dagger! Satellite bites the dwarf. The dwarf thrusts her dagger at Satellite. The dwarf misses Satellite. Satellite misses the dwarf. Satellite misses the dwarf. Satellite bites the dwarf. The dwarf is killed! There are a few objects here. There is a dwarf corpse here; eat it? [ynq] (n) y This dwarf corpse tastes okay. Satellite bites the gas spore. Satellite bites the gas spore. Satellite misses the gas spore. Satellite bites the gas spore. The gas spore is killed! Satellite is caught in the gas spore's explosion! You are caught in the gas spore's explosion! It is fatal. Do you want your possessions identified? [ynq] (y) q Major events: Turn 1: cathartes the neutral female gnomish Archeologist entered the dungeon 438: entered the Gnomish Mines 1272: killed by a gas spore's explosion Inventory: Coins $ - 20 gold pieces Weapons t - 2 cursed -1 darts y - an uncursed +0 elven dagger q - an uncursed +0 orcish dagger e - a blessed +2 bullwhip (alternate weapon; not wielded) Armor c - an uncursed +0 fedora r - an uncursed +0 orcish helm (being worn) b - an uncursed +0 leather jacket (being worn) Tools h - an uncursed sack containing 9 items k - an uncursed lock pick a - an uncursed +0 pick-axe (weapon in hand) i - an uncursed tin opener f - an uncursed tinning kit (0:66) Comestibles d - 3 uncursed food rations Gems/Stones g - an uncursed touchstone Contents of the sack: 17 gold pieces an uncursed ring of poison resistance an uncursed scroll of teleportation a cursed scroll of create monster an uncursed potion of extra healing a blessed potion of object detection a cursed potion of sickness an uncursed tripe ration an uncursed spellbook of healing Cathartes the Archeologist's attributes: Background: You were a Digger, a level 1 female gnomish Archeologist. You were neutral, on a mission for Camaxtli who was opposed by Quetzalcoatl (lawful) and Huhetotl (chaotic). You were in the Gnomish Mines, on level 3. You entered the dungeon 1272 turns ago. It was nighttime. You had 10 experience points, 10 more were needed to attain level 2. Basics: You had 0 out of 12 hit points. You had all 3 energy points (spell power). Your armor class was 8. Your wallet contained 20 zorkmids. Autopickup was on for '$_*' plus thrown, with exceptions. Final Characteristics: Your strength was 12 (limit:18/50). Your dexterity was 10 (limit:18). Your constitution was 11 (limit:18). Your intelligence was 18 (limit:19). Your wisdom was 16 (limit:18). Your charisma was 9 (limit:18). Final Status: You were not hungry. You were unencumbered. You were wielding a pick-axe. You had basic skill with pick-axe. Final Attributes: You were fervently aligned. You had infravision. You were stealthy. You were fast. You are dead. Miscellaneous: You disabled loading of bones levels. Total elapsed playing time was 16 minutes and 43 seconds. Vanquished creatures: a shrieker a dwarf 3 coyotes a gas spore a hobbit a large kobold a gecko 2 jackals 2 foxes a kobold a goblin 3 grid bugs a lichen 5 newts 24 creatures vanquished. No species were genocided or became extinct. Voluntary challenges: You were illiterate. You never engraved Elbereth. You never genocided any monsters. You never polymorphed an object. You never changed form. You used no wishes. Achievement: You entered the Gnomish Mines. The Dungeons of Doom: levels 1 to 4 Level 1: Level 2: An altar, a sink. Stairs down to The Gnomish Mines. Level 3: Level 4: The Gnomish Mines: Level 3: <- You were here. Final resting place for you, killed by a gas spore's explosion. Game over: ---------- / \ / REST \ / IN \ / PEACE \ / \ | cathartes | | 37 Au | | killed by a gas | | spore's | | explosion | | | | 2022 | *| * * * | * _________)/\\_//(\/(/\)/\//\/|_)_______ Goodbye cathartes the Archeologist... You died in The Gnomish Mines on dungeon level 3 with 224 points, and 37 pieces of gold, after 1272 moves. You were level 1 with a maximum of 12 hit points when you died.